 Dungeon Crawl Stone Soup version 0.12.2-14-g7c90c79 (webtiles) character file.

199 MarVin the Shield-Bearer (level 4, -1/36 HPs)
             Began as a Demonspawn Fighter on Aug 5, 2013.
             Slain by MarVin's ghost (5 damage)
             ... on Level 3 of the Dungeon.
             The game lasted 00:04:37 (2156 turns).

MarVin the Shield-Bearer (Demonspawn Fighter)       Turns: 2156, Time: 00:04:37

HP  -1/36        AC  6     Str 17      XL: 4   Next: 57%
MP   3/3         EV  5     Int  9      God:
Gold 92          SH 18     Dex 13      Spells:  0 memorised,  3 levels left

Res.Fire  : . . .   See Invis. : .   o - +0,+1 orc war axe
Res.Cold  : . . .   Warding    : .   b - +0 scale mail
Life Prot.: . . .   Conserve   : .   c - +0 shield
Res.Poison: +       Res.Corr.  : .   (helmet restricted)
Res.Elec. : .       Clarity    : +   (no cloak)
Sust.Abil.: . .     Spirit.Shd : .   (no gloves)
Res.Mut.  : .       Stasis     : .   (no boots)
Res.Rott. : .       Ctrl.Telep.: .   g - amulet of clarity {unknown}
Saprovore : . . .   Flight     : .   (no ring)
                                     n - ring of poison resistance {unknown}

@: slightly resistant to hostile enchantments, extremely unstealthy
A: antennae 1
a: no special abilities


You were on level 3 of the Dungeon.
You were not hungry.

You visited 1 branch of the dungeon, and saw 3 of its levels.

You collected 72 gold pieces.

Inventory:

Hand weapons
 a - a +0,+0 hand axe {=f}
 o - a +0,+1 orcish war axe (weapon)
Armour
 b - a +0 scale mail (worn)
 c - a +0 shield (worn)
Comestibles
 d - a bread ration
Scrolls
 e - 2 scrolls of random uselessness {unknown}
 i - a scroll of recharging {unknown}
 j - 2 scrolls of magic mapping {unknown}
 k - a scroll of identify {unknown}
 m - a scroll of enchant weapon II {unknown}
Jewellery
 f - an uncursed amulet of resist mutation {unknown}
 g - an amulet of clarity (around neck) {unknown}
 n - a ring of poison resistance (left hand) {unknown}
Potions
 h - a potion of restore abilities {unknown}


   Skills:
 - Level 3.3 Fighting
 * Level 2.4 Axes
 + Level 3.1 Armour
 - Level 1.4 Dodging
 - Level 3.4 Shields
 - Level 0.5 Traps


You had 3 spell levels left.
You didn't know any spells.

Dungeon Overview and Level Annotations

Branches:
Dungeon (3/27)

Altars:
Makhleb
Vehumet

Annotations
D:3 MarVin's ghost, average DsFi


Innate Abilities, Weirdness & Mutations

You have a pair of small antennae on your head.


Message History

MarVin's ghost is heavily damaged.
MarVin's ghost barely misses you.
You slash MarVin's ghost!
MarVin's ghost is severely damaged.
MarVin's ghost barely misses you.
MarVin's ghost hits you but does no damage.
You hit MarVin's ghost but do no damage.
MarVin's ghost is severely damaged.
MarVin's ghost hits you!
You hit MarVin's ghost.
MarVin's ghost is severely damaged.
MarVin's ghost hits you!
* * * LOW HITPOINT WARNING * * *
You completely miss MarVin's ghost.
MarVin's ghost is severely damaged.
MarVin's ghost barely misses you.
You hit MarVin's ghost but do no damage.
MarVin's ghost is severely damaged.
You block MarVin's ghost's attack. MarVin's ghost hits you.
You die...

.........
#...!....
#.........
#?........
#..........
#..........
#..........
#......##...
#@..........
#p.....#....
.........#
.........###
..........#
#.........
#..........
..........
.....


You could see MarVin's ghost.

Vanquished Creatures
  Jessica (D:2)
  3 adders (D:2)
  2 worms (D:2)
  2 giant geckos
  An orc (D:2)
  A ball python (D:1)
  A giant cockroach (D:1)
  7 goblins
  6 hobgoblins
  2 jackals (D:1)
  5 kobolds
  8 bats
  3 giant newts
  5 rats
47 creatures vanquished.

Notes
Turn   | Place    | Note
--------------------------------------------------------------
     0 | D:1      | MarVin, the Demonspawn Fighter, began the quest for the Orb.
     0 | D:1      | Reached XP level 1. HP: 18/18 MP: 0/0
    83 | D:1      | Found a radiant altar of Vehumet.
   110 | D:1      | Reached XP level 2. HP: 6/24 MP: 1/1
   828 | D:1      | Reached XP level 3. HP: 30/30 MP: 2/2
   984 | D:2      | Reached skill level 1 in Dodging
  1240 | D:2      | Found a burning altar of Makhleb.
  1283 | D:2      | Gained mutation: You have a pair of small antennae on your head. [demonic ancestry]
  1283 | D:2      | Reached XP level 4. HP: 14/36 MP: 3/3
  1396 | D:2      | Noticed Jessica
  1404 | D:2      | Killed Jessica
  2134 | D:3      | Noticed MarVin's ghost (average DsFi)
  2156 | D:3      | Slain by MarVin's ghost

Action                   |  1- 3 |  4- 6 || total
-------------------------+-------+-------++-------
Melee: Hand axe          |   188 |    57 ||   245
       War axe           |       |     8 ||     8
